TOP OF THE 1ST |
Ogden Raptors batting - Pitching for Missoula Osprey : LHP Cory Youngquist
|
Pitching: LHP Cory Youngquist
|
|
Batting: LHB Nate Kee
|
0-0: Called Strike 0-1: Ball 1-1: Ground out 4-3 (Groundball, 4, EV 84.4 MPH)
|
Batting: RHB Tommy Hunter
|
0-0: Called Strike 0-1: Ball 1-1: Ball 2-1: Called Strike 2-2: Foul Ball, location: 2F 2-2: SINGLE (Groundball, 6MS, EV 66.2 MPH) (infield hit)
|
Batting: LHB Steve Pond
|
0-0: Ball 1-0: SINGLE (Groundball, 34D, EV 108.8 MPH) Tommy Hunter to second Runner from 2nd tries for 3rd, SAFE, throw by RF made to third Steve Pond to second
|
Batting: RHB Jerry Sanchez
|
0-0: Foul Ball, location: 2F 0-1: Hit by Pitch
|
Batting: RHB Jonathan Kirsch
|
0-0: Swinging Strike 0-1: Fly out, F7 (Flyball, 7D, EV 105.0 MPH) Runner from 3rd tags up, SCORES, throw by LF Steve Pond to third
|
Batting: RHB Chad Rojas
|
0-0: Ball 1-0: Ball 2-0: 3-RUN HOME RUN (Flyball, 89XD, EV 103.8 MPH), Distance : 391 ft
|
Batting: SHB Josh Vaill
|
0-0: Ball 1-0: Called Strike 1-1: Called Strike 1-2: Ball 2-2: Ball 3-2: Strikes out looking
|
Top of the 1st over - 4 runs, 3 hits, 0 errors, 0 left on base; Ogden 4 - Missoula 0 |
BOTTOM OF THE 1ST |
Missoula Osprey batting - Pitching for Ogden Raptors : RHP Willie Alvarado
|
Pitching: RHP Willie Alvarado
|
|
Batting: LHB Danny Salas
|
0-0: Ball 1-0: SINGLE (Line Drive, 6D, EV 96.2 MPH)
|
Batting: RHB Chris Jones
|
0-0: Called Strike 0-1: Foul Ball, location: 2F 0-2: Ball 1-2: SINGLE (Groundball, 6MD, EV 98.1 MPH) Danny Salas to second
|
Batting: RHB Antonio Luisa
|
0-0: Swinging Strike 0-1: Ball 1-1: Ball 2-1: Ball 3-1: Fly out, F5 (Line Drive, 6, EV 70.0 MPH)
|
Batting: LHB Nelson Pelico
|
0-0: Called Strike Danny Salas steals 3rd base 0-1: Ball 1-1: Ball 2-1: Swinging Strike 2-2: Foul Ball, location: 2F 2-2: Strikes out swinging
|
Batting: RHB Francisco Gutierrez
|
0-0: Called Strike 0-1: Fielders Choice at 2nd, 6-4 (Groundball, 6, EV 77.5 MPH)
|
Bottom of the 1st over - 0 runs, 2 hits, 0 errors, 2 left on base; Ogden 4 - Missoula 0 |
TOP OF THE 2ND |
Ogden Raptors batting - Pitching for Missoula Osprey : LHP Cory Youngquist
|
Batting: RHB Jason Baldwin
|
0-0: Called Strike 0-1: Swinging Strike 0-2: Ball 1-2: Foul Ball, location: 2F 1-2: Ball 2-2: Ball 3-2: Strikes out swinging
|
Batting: RHB Bob Magana
|
0-0: Called Strike 0-1: Foul Ball, location: 2F 0-2: Reached on error, E6 (Groundball, 6, EV 104.4 MPH)
|
Batting: LHB Nate Kee
|
0-0: Ball 1-0: Ball 2-0: Called Strike 2-1: Fly out, F5 (Popup, 6S, EV 82.5 MPH)
|
Batting: RHB Tommy Hunter
|
0-0: Called Strike 0-1: SINGLE (Flyball, 7LS, EV 92.5 MPH) Bob Magana to second
|
Batting: LHB Steve Pond
|
0-0: Ball 1-0: 3-RUN HOME RUN (Flyball, 9LD, EV 90.0 MPH), Distance : 327 ft
|
Pitching: RHP Victor Cisneros
|
|
Batting: RHB Jerry Sanchez
|
0-0: SINGLE (Groundball, 56D, EV 110.0 MPH)
|
Batting: RHB Jonathan Kirsch
|
0-0: Called Strike 0-1: SINGLE (Line Drive, 3D, EV 97.5 MPH) Jerry Sanchez to second Runner from 2nd tries for 3rd, SAFE, throw by RF made to third
|
Batting: RHB Chad Rojas
|
0-0: Ball 1-0: Ball 2-0: Swinging Strike 2-1: Ball 3-1: Fly out, F5 (Popup, 56S, EV 69.4 MPH)
|
Top of the 2nd over - 3 runs, 4 hits, 1 error, 2 left on base; Ogden 7 - Missoula 0 |
BOTTOM OF THE 2ND |
Missoula Osprey batting - Pitching for Ogden Raptors : RHP Willie Alvarado
|
Batting: RHB Cesar Rendon
|
0-0: Ball 1-0: Called Strike 1-1: Fly out, F5 (Line Drive, 5, EV 68.8 MPH)
|
Batting: RHB Hector Tabares
|
0-0: Called Strike 0-1: Ball 1-1: Ball 2-1: Foul Ball, location: 2F 2-2: Strikes out swinging
|
Batting: RHB Isaiah Hampton
|
0-0: Ball 1-0: Called Strike 1-1: Called Strike 1-2: Foul Ball, location: 2F 1-2: Strikes out looking
|
Bottom of the 2nd over - 0 runs, 0 hits, 0 errors, 0 left on base; Ogden 7 - Missoula 0 |
TOP OF THE 3RD |
Ogden Raptors batting - Pitching for Missoula Osprey : RHP Victor Cisneros
|
Batting: SHB Josh Vaill
|
0-0: Called Strike 0-1: Ball 1-1: Called Strike 1-2: Ball 2-2: Strikes out swinging
|
Batting: RHB Jason Baldwin
|
0-0: Ball 1-0: Ball 2-0: Ball 3-0: Called Strike 3-1: Foul Ball, location: 2F 3-2: Fly out, F9 (Flyball, 9S, EV 78.1 MPH)
|
Batting: RHB Bob Magana
|
0-0: Swinging Strike 0-1: Ball 1-1: Fly out, F6 (Line Drive, 6, EV 71.9 MPH)
|
Top of the 3rd over - 0 runs, 0 hits, 0 errors, 0 left on base; Ogden 7 - Missoula 0 |
BOTTOM OF THE 3RD |
Missoula Osprey batting - Pitching for Ogden Raptors : RHP Willie Alvarado
|
Batting: RHB David Powell
|
0-0: Called Strike 0-1: Fly out, F8 (Flyball, 8LM, EV 93.1 MPH)
|
Batting: LHB Danny Salas
|
0-0: Called Strike 0-1: Ball 1-1: Ball 2-1: Swinging Strike 2-2: Strikes out swinging
|
Batting: RHB Chris Jones
|
0-0: Ball 1-0: Ball 2-0: Swinging Strike 2-1: Fly out, F5 (Popup, 5SF, EV 82.5 MPH)
|
Bottom of the 3rd over - 0 runs, 0 hits, 0 errors, 0 left on base; Ogden 7 - Missoula 0 |
TOP OF THE 4TH |
Ogden Raptors batting - Pitching for Missoula Osprey : RHP Victor Cisneros
|
Batting: LHB Nate Kee
|
0-0: Called Strike 0-1: Swinging Strike 0-2: Foul Ball, location: 2F 0-2: Ball 1-2: Strikes out swinging
|
Batting: RHB Tommy Hunter
|
0-0: Called Strike 0-1: Ball 1-1: Swinging Strike 1-2: Foul Ball, location: 2F 1-2: Foul Ball, location: 2F 1-2: Fly out, F9 (Line Drive, 9D, EV 89.4 MPH)
|
Batting: LHB Steve Pond
|
0-0: Ball 1-0: Swinging Strike 1-1: Foul Ball, location: 2F 1-2: Hit by Pitch
|
Batting: RHB Jerry Sanchez
|
0-0: Ball 1-0: Fielders Choice at 2nd, 6-4 (Groundball, 56D, EV 106.9 MPH)
|
Top of the 4th over - 0 runs, 0 hits, 0 errors, 1 left on base; Ogden 7 - Missoula 0 |
BOTTOM OF THE 4TH |
Missoula Osprey batting - Pitching for Ogden Raptors : RHP Willie Alvarado
|
Batting: RHB Antonio Luisa
|
0-0: Called Strike 0-1: Called Strike 0-2: Fly out, F8 (Line Drive, 89S, EV 90.0 MPH)
|
Pitching: RHP Keith Birely
|
|
Batting: LHB Nelson Pelico
|
0-0: Ball 1-0: Swinging Strike 1-1: Ball 2-1: Ball 3-1: Swinging Strike 3-2: Base on Balls
|
Batting: RHB Francisco Gutierrez
|
0-0: Called Strike 0-1: Called Strike 0-2: 2-RUN HOME RUN (Flyball, 78XD, EV 98.8 MPH), Distance : 388 ft
|
Batting: RHB Cesar Rendon
|
0-0: Ball 1-0: Called Strike 1-1: Fly out, F8 (Flyball, 8LD, EV 99.4 MPH)
|
Batting: RHB Hector Tabares
|
0-0: Ball 1-0: Ground out 5-3 (Groundball, 5, EV 86.9 MPH)
|
Bottom of the 4th over - 2 runs, 1 hit, 0 errors, 0 left on base; Ogden 7 - Missoula 2 |
TOP OF THE 5TH |
Ogden Raptors batting - Pitching for Missoula Osprey : RHP Victor Cisneros
|
Batting: RHB Jonathan Kirsch
|
0-0: Ball 1-0: Ball 2-0: Called Strike 2-1: Fly out, F9 (Flyball, 9D, EV 110.0 MPH)
|
Batting: RHB Chad Rojas
|
0-0: Reached on error, E5 (Groundball, 5, EV 84.4 MPH)
|
Batting: SHB Josh Vaill
|
0-0: Called Strike 0-1: Called Strike 0-2: Ball 1-2: 2-RUN HOME RUN (Flyball, 89XD, EV 97.5 MPH), Distance : 402 ft
|
Batting: RHB Jason Baldwin
|
0-0: Ball 1-0: Foul Ball, location: 2F 1-1: Foul Ball, location: 2F 1-2: Ball 2-2: DOUBLE (Flyball, 8LXD, EV 100.0 MPH)
|
Batting: RHB Bob Magana
|
0-0: Ball 1-0: Called Strike 1-1: Ball 2-1: Called Strike 2-2: Ball 3-2: Base on Balls
|
Pitching: RHP Ramiz JambakurIan
|
|
Batting: LHB Nate Kee
|
0-0: Called Strike 0-1: Fly out, F8 (Flyball, 8LD, EV 97.5 MPH)
|
Batting: RHB Tommy Hunter
|
0-0: Swinging Strike 0-1: Ground out 4-3 (Groundball, 4, EV 85.0 MPH)
|
Top of the 5th over - 2 runs, 2 hits, 1 error, 2 left on base; Ogden 9 - Missoula 2 |
BOTTOM OF THE 5TH |
Missoula Osprey batting - Pitching for Ogden Raptors : RHP Keith Birely
|
Batting: RHB Isaiah Hampton
|
0-0: Ball 1-0: Swinging Strike 1-1: Called Strike 1-2: Ball 2-2: Foul Ball, location: 2F 2-2: Foul Ball, location: 2F 2-2: Strikes out swinging
|
Batting: RHB David Powell
|
0-0: Ball 1-0: Ball 2-0: Ball 3-0: Base on Balls
|
Batting: LHB Danny Salas
|
0-0: Called Strike 0-1: Ball 1-1: Fielders Choice at 2nd, 5-4 (Groundball, 5L, EV 98.8 MPH)
|
Batting: RHB Chris Jones
|
0-0: Called Strike 0-1: Called Strike 0-2: Ball 1-2: Foul Ball, location: 2F 1-2: Foul Ball, location: 2F 1-2: Foul Ball, location: 2F 1-2: SINGLE (Groundball, 6D, EV 101.9 MPH) Danny Salas to second
|
Batting: RHB Antonio Luisa
|
0-0: Ball 1-0: Foul Ball, location: 2F 1-1: Foul Ball, location: 2F 1-2: Foul Ball, location: 2F 1-2: Strikes out looking
|
Bottom of the 5th over - 0 runs, 1 hit, 0 errors, 2 left on base; Ogden 9 - Missoula 2 |
TOP OF THE 6TH |
Ogden Raptors batting - Pitching for Missoula Osprey : RHP Ramiz JambakurIan
|
Batting: LHB Steve Pond
|
0-0: Called Strike 0-1: Foul Ball, location: 2F 0-2: Fly out, F2 (Popup, 2LF, EV 91.2 MPH)
|
Batting: RHB Jerry Sanchez
|
0-0: Called Strike 0-1: Ball 1-1: SOLO HOME RUN (Flyball, 7LD, EV 95.6 MPH), Distance : 355 ft
|
Batting: RHB Jonathan Kirsch
|
0-0: Ball 1-0: Ball 2-0: Ball 3-0: Foul Ball, location: 2F 3-1: Called Strike 3-2: Foul Ball, location: 2F 3-2: Ground out 4-3 (Groundball, 4, EV 84.4 MPH)
|
Batting: RHB Chad Rojas
|
0-0: Called Strike 0-1: Called Strike 0-2: Ball 1-2: Ball 2-2: Ball 3-2: Fly out, F7 (Flyball, 7D, EV 103.1 MPH)
|
Top of the 6th over - 1 run, 1 hit, 0 errors, 0 left on base; Ogden 10 - Missoula 2 |
BOTTOM OF THE 6TH |
Missoula Osprey batting - Pitching for Ogden Raptors : RHP Keith Birely
|
Batting: LHB Nelson Pelico
|
0-0: Ball 1-0: Called Strike 1-1: Foul Ball, location: 2F 1-2: Ball 2-2: Ball 3-2: Foul Ball, location: 2F 3-2: Strikes out looking
|
Batting: RHB Francisco Gutierrez
|
0-0: Called Strike 0-1: Foul Ball, location: 2F 0-2: Strikes out looking
|
Batting: RHB Cesar Rendon
|
0-0: Foul Ball, location: 2F 0-1: Called Strike 0-2: Ball 1-2: Ball 2-2: Foul Ball, location: 2F 2-2: Foul Ball, location: 2F 2-2: Ball 3-2: Base on Balls
|
Pitching: RHP Adonis Loyd
|
|
Batting: RHB Hector Tabares
|
0-0: Foul Ball, location: 2F 0-1: Ball Wild Pitch! Cesar Rendon to second 1-1: Foul Ball, location: 2F 1-2: Ball 2-2: Strikes out swinging
|
Bottom of the 6th over - 0 runs, 0 hits, 0 errors, 1 left on base; Ogden 10 - Missoula 2 |
TOP OF THE 7TH |
Ogden Raptors batting - Pitching for Missoula Osprey : RHP Ramiz JambakurIan
|
Pinch Hitting: SHB Jesus Gomez
|
0-0: Ball 1-0: Foul Ball, location: 2F 1-1: Ball 2-1: Foul Ball, location: 2F 2-2: Foul Ball, location: 2F 2-2: Strikes out swinging
|
Batting: RHB Jason Baldwin
|
0-0: Called Strike 0-1: Fly out, F9 (Flyball, 9, EV 89.4 MPH)
|
Batting: RHB Bob Magana
|
0-0: Ball 1-0: SINGLE (Groundball, 5L, EV 86.2 MPH) (infield hit)
|
Batting: LHB Nate Kee
|
0-0: Ball 1-0: Foul Ball, location: 2F 1-1: Hit by Pitch Bob Magana to second
|
Pinch Hitting: RHB David Watkins
|
0-0: Ball 1-0: Ball 2-0: Ball 3-0: Called Strike 3-1: SINGLE (Groundball, 6MD, EV 109.4 MPH) Bob Magana to third Nate Kee to second
|
Pitching: LHP Ricky Ramirez
|
|
Pinch Hitting: RHB Justin Curran
|
0-0: Ball 1-0: Ball 2-0: Called Strike 2-1: Ball 3-1: SINGLE (Line Drive, 78S, EV 103.1 MPH) Bob Magana scores Nate Kee to third David Watkins to second Runner from 3rd tries for Home, SAFE, throw by LF to home
|
Batting: RHB Jerry Sanchez
|
0-0: Ground out 5-3 (Groundball, 5S, EV 77.5 MPH)
|
Top of the 7th over - 2 runs, 3 hits, 0 errors, 2 left on base; Ogden 12 - Missoula 2 |
BOTTOM OF THE 7TH |
Missoula Osprey batting - Pitching for Ogden Raptors : RHP Adonis Loyd
|
Now at 1B: David Watkins
|
|
Now at 3B: Jason Todd
|
|
Now in LF: Justin Curran
|
|
Batting: RHB Isaiah Hampton
|
0-0: Called Strike 0-1: Foul Ball, location: 2F 0-2: Ball 1-2: Strikes out swinging
|
Batting: RHB David Powell
|
0-0: Foul Ball, location: 2F 0-1: Foul Ball, location: 2F 0-2: SINGLE (Groundball, 34D, EV 98.1 MPH)
|
Batting: LHB Danny Salas
|
0-0: Foul Ball, location: 2F 0-1: Fielders Choice at 2nd, 5-4 (Groundball, 56, EV 95.0 MPH)
|
Batting: RHB Chris Jones
|
0-0: Ball Danny Salas steals 2nd base (no throw) 1-0: Called Strike 1-1: Ball Wild Pitch! Danny Salas to third 2-1: Ball 3-1: Ground out 6-3 (Groundball, 6, EV 85.6 MPH)
|
Bottom of the 7th over - 0 runs, 1 hit, 0 errors, 1 left on base; Ogden 12 - Missoula 2 |
TOP OF THE 8TH |
Ogden Raptors batting - Pitching for Missoula Osprey : LHP Ricky Ramirez
|
Batting: RHB Jonathan Kirsch
|
0-0: Called Strike 0-1: Ball 1-1: Ball 2-1: Fly out, F9 (Flyball, 89S, EV 90.0 MPH)
|
Pinch Hitting: RHB Joe Bower
|
0-0: Ball 1-0: Ball 2-0: Ball 3-0: Called Strike 3-1: Called Strike 3-2: Foul Ball, location: 2F 3-2: SINGLE (Line Drive, 8RS, EV 100.0 MPH)
|
Batting: SHB Jason Todd
|
0-0: Called Strike 0-1: Swinging Strike 0-2: Ball 1-2: Strikes out looking
|
Batting: RHB Jason Baldwin
|
0-0: Ball 1-0: Fly out, F4 (Line Drive, 4MD, EV 70.6 MPH)
|
Top of the 8th over - 0 runs, 1 hit, 0 errors, 1 left on base; Ogden 12 - Missoula 2 |
BOTTOM OF THE 8TH |
Missoula Osprey batting - Pitching for Ogden Raptors : RHP Adonis Loyd
|
Now in RF: Joe Bower
|
|
Pinch Hitting: RHB Jonathan Mora
|
0-0: Ball 1-0: Fly out, F8 (Flyball, 8LM, EV 88.8 MPH)
|
Batting: LHB Nelson Pelico
|
0-0: Ball 1-0: Ball 2-0: Ball 3-0: Called Strike 3-1: Ground out 6-3 (Groundball, 6, EV 85.6 MPH)
|
Batting: RHB Francisco Gutierrez
|
0-0: Ball 1-0: Ball 2-0: Foul Ball, location: 2F 2-1: Foul Ball, location: 2F 2-2: SINGLE (Groundball, 6MD, EV 95.0 MPH)
|
Batting: RHB Cesar Rendon
|
0-0: Swinging Strike 0-1: Called Strike 0-2: Foul Ball, location: 2F 0-2: Ball 1-2: Strikes out swinging
|
Bottom of the 8th over - 0 runs, 1 hit, 0 errors, 1 left on base; Ogden 12 - Missoula 2 |
TOP OF THE 9TH |
Ogden Raptors batting - Pitching for Missoula Osprey : LHP Ricky Ramirez
|
Now at 1B: Jonathan Mora
|
|
Pinch Hitting: RHB Roberto Sotelo
|
0-0: Fly out, F8 (Flyball, 8RD, EV 105.6 MPH)
|
Batting: LHB Nate Kee
|
0-0: Ball 1-0: Called Strike 1-1: Ball 2-1: Called Strike 2-2: Ground out 4-3 (Groundball, 4, EV 80.6 MPH)
|
Pinch Hitting: RHB Will Barksdale
|
0-0: Ground out 5-3 (Groundball, 56S, EV 84.4 MPH)
|
Top of the 9th over - 0 runs, 0 hits, 0 errors, 0 left on base; Ogden 12 - Missoula 2 |
BOTTOM OF THE 9TH |
Missoula Osprey batting - Pitching for Ogden Raptors : RHP Adonis Loyd
|
Now at C: Roberto Sotelo
|
|
Now at 1B: Chris Barrera
|
|
Batting: RHB Hector Tabares
|
0-0: Called Strike 0-1: Called Strike 0-2: Ball 1-2: Ground out 6-3 (Groundball, 56, EV 105.0 MPH)
|
Pinch Hitting: RHB Jimmy McIntosh
|
0-0: Called Strike 0-1: Foul Ball, location: 2F 0-2: Ball 1-2: Foul Ball, location: 2F 1-2: Strikes out swinging
|
Batting: RHB David Powell
|
0-0: Called Strike 0-1: Called Strike 0-2: Ground out 6-3 (Groundball, 6MD, EV 101.9 MPH)
|
Bottom of the 9th over - 0 runs, 0 hits, 0 errors, 0 left on base; Ogden 12 - Missoula 2 |
|